 Dungeon Crawl Stone Soup version 0.25.0-1-g7eea58d2a3 (webtiles) character file.

Game seed: 3963333548535370493

7322 septik the Bludgeoner (level 10, -3/89 HPs)
             Began as a Minotaur Berserker on June 14, 2020.
             Was a High Priest of Trog.
             Slain by a troll (4 damage)
             ... on level 9 of the Dungeon.
             The game lasted 00:32:39 (10428 turns).

septik the Bludgeoner (Minotaur Berserker)         Turns: 10428, Time: 00:32:41

Health: -3/89      AC: 13    Str: 23    XL:     10   Next: 90%
Magic:  3/3        EV: 11    Int:  4    God:    Trog [*****.]
Gold:   501        SH:  0    Dex: 12    Spells: 9/9 levels left

rFire    . . .     SeeInvis .   O - +3 great mace (antimagic)
rCold    . . .     Gourm    .   (shield currently unavailable)
rNeg     + . .     Faith    .   M - +0 chain mail of Decompression {+Blink rPois rN+}
rPois    +         Spirit   .   y - +1 hat
rElec    .         Reflect  .   b - scarf {+Inv}
rCorr    .         Harm     .   (no gloves)
MR       .....                  s - +0 pair of boots
Stlth    ..........             (no amulet)
HPRegen  0.24/turn              (no ring)
MPRegen  0.08/turn              (no ring)

@: confused, marked, very slightly contaminated, slowed, very slow
A: retaliatory headbutt, horns 2
a: Berserk, Trog's Hand, Brothers in Arms, Renounce Religion, Evoke Blink, Evoke
Invisibility


You were on level 9 of the Dungeon.
You worshipped Trog.
Trog was extremely pleased with you.
You were not hungry.

You visited 1 branch of the dungeon, and saw 10 of its levels.

You collected 774 gold pieces.
You spent 273 gold pieces at shops.

Inventory:

Hand Weapons
 q - a +4 quarterstaff of chaos
 w - the +8 quarterstaff "Opharph" {vorpal, +Rage rPois rN+}
   (You found it on level 8 of the Dungeon)

   It inflicts extra damage upon your enemies.
   It protects you from poison.
   It protects you from negative energy.
   It lets you go berserk.
 F - a +2 mace of protection
 J - a +1 morningstar of protection
 O - a +3 antimagic great mace (weapon)
Missiles
 l - 381 stones (quivered)
Armour
 b - a scarf of invisibility (worn)
 r - a +2 cloak of magic resistance
 s - a +0 pair of boots (worn)
 y - a +1 hat (worn)
 D - a +3 scale mail
 I - a +0 plate armour
 M - the +0 chain mail of Decompression (worn) {+Blink rPois rN+}
   (You found it on level 6 of the Dungeon)

   It protects you from poison.
   It protects you from negative energy.
   It lets you blink.
Jewellery
 L - an uncursed ring of stealth
Wands
 o - a wand of random effects (19)
 z - a wand of acid (15)
 C - a wand of polymorph (12)
 K - a wand of flame (19)
Scrolls
 i - 4 scrolls of immolation
 j - 3 scrolls of teleportation
 m - 8 scrolls of identify
 v - a scroll of random uselessness {unknown}
 x - 2 scrolls of amnesia {unknown}
 A - 3 scrolls of remove curse {unknown}
 B - 2 scrolls of magic mapping {unknown}
 G - 2 scrolls of blinking
 R - a scroll of acquirement {unknown}
Potions
 a - 2 potions of might
 d - a potion of stabbing {unknown}
 e - a potion of magic {unknown}
 f - 5 potions of curing
 g - 2 potions of ambrosia {unknown}
 h - 2 potions of berserk rage {unknown}
 k - 3 potions of mutation {unknown}
 n - a potion of cancellation {unknown}
 p - a potion of invisibility {unknown}
 t - a potion of flight {unknown}
 u - 2 potions of haste {unknown}
 E - 3 potions of degeneration {unknown}
 H - a potion of brilliance {unknown}
 P - a potion of resistance
Comestibles
 c - 17 rations
 N - 9 chunks of flesh


   Skills:
 + Level 8.3 Fighting
 * Level 15.2 Maces & Flails
 + Level 7.6 Armour
 + Level 6.9 Dodging


You had 9 spell levels left.
You didn't know any spells.
Your spell library was empty.

Dungeon Overview and Level Annotations

Branches:
Dungeon (10/15)            Temple (0/1) D:6
   Lair: D:8-11         Orc: D:9-12

Altars:
Cheibriados
Fedhas
Nemelex Xobeh
Okawaru
Ru
Trog
Uskayaw
Xom
Yredelemnul
Zin

Shops:
D:5 [   D:9 [*((   D:10 [([!

Annotations:
D:10 Harold, Sonja


Innate Abilities, Weirdness & Mutations

You reflexively headbutt those who attack you in melee.
You have a pair of horns on your head.


Message History

You see here an arrow.
The centaur unwields a +0 shortbow.
The centaur hits you but does no damage.
The glowing orange brain pulsates.
You are confused.
You climb upwards.
Reactivating autopickup.
The troll closely misses you. The troll claws you.
* * * LOW HITPOINT WARNING * * *
The troll completely misses you. The troll misses you.
The troll claws you but does no damage. x2
There is a stone staircase leading down here.
You're too confused!
You bump into the rock wall.
The troll bites you.
* * * LOW HITPOINT WARNING * * *
The troll claws you.
* * * LOW HITPOINT WARNING * * *
The troll barely misses you. The troll completely misses you.
The troll claws you.
You die...

#>..............)........)
#.###.#####....##..####..# #.#
#.## #....#..## ##.## #.###..#
#.##...## ##..## #..###.#
#....#[.###..###
##.###.####..####.....####
#..##..T....# #..........
##########.....##..####.#......).
#...........#.##@.## #).#.....###
#...∩..###.##..T.## #.##.....###
#...............######.####......
#.....###....................###.
#.........###....#.∩.##.####.#...
#.........# #.........[.####>..##
#......<..####.....#.####.....###
#.........#......###.............
#..........)##...######.####.####


You could see a troll.

Vanquished Creatures
  A two-headed ogre (D:8)
  Pikel (D:5)
  A troll (D:9)
  3 hippogriffs
  A wyvern (D:10)
  6 yaks (D:10)
  Grum (D:8)
  A steam dragon (D:9)
  The ghost of Hyawatha the Skirmisher, an amateur OpWn (D:6)
  A hungry ghost (D:10)
  A water moccasin (D:9)
  An orc warrior (D:6)
  A sky beast (D:8)
  Duvessa (D:6)
  3 ice beasts
  2 wolves
  6 centaurs
  5 ogres
  A crocodile (D:8)
  Blork the orc (D:5)
  2 big kobolds
  3 bullfrogs
  A gnoll sergeant (D:9)
  4 scorpions
  3 wights (D:9)
  Dowan (D:6)
  6 crimson imps
  A bullfrog zombie (D:9)
  A centaur skeleton (D:9)
  3 jellies
  5 orc wizards
  An orc priest (D:9)
  Crazy Yiuf (D:2)
  6 hounds
  An iguana (D:7)
  8 worker ants
  A worker ant zombie (D:10)
  Robin (D:3)
  8 gnolls
  9 adders
  3 shadow imps
  An ooze (D:7)
  2 adder zombies
  An adder skeleton (D:4)
  4 worms
  3 dart slugs
  8 leopard geckos
  27 orcs
  A ball python (D:1)
  9 bats
  4 giant cockroaches
  14 goblins
  10 hobgoblins
  12 jackals
  15 kobolds
  4 quokkas
  9 frilled lizards
  A leopard gecko skeleton (D:4)
  2 quokka zombies (D:6)
  6 rats
  A plant (D:3)
242 creatures vanquished.

Vanquished Creatures (others)
  An orc priest (D:6)
1 creature vanquished.

Grand Total: 243 creatures vanquished

Notes
Turn   | Place    | Note
-------+----------+-------------------------------------------
     0 | D:1      | septik the Minotaur Berserker began the quest for the Orb.
     0 | D:1      | Reached XP level 1. HP: 19/19 MP: 0/0
   288 | D:1      | Reached XP level 2. HP: 27/27 MP: 1/1
   296 | D:1      | Reached skill level 4 in Maces & Flails
  1393 | D:1      | Found a sparkling altar of Nemelex Xobeh.
  1490 | D:1      | Reached XP level 3. HP: 33/33 MP: 2/2
  1780 | D:2      | Reached ** piety under Trog
  2165 | D:2      | Reached skill level 5 in Maces & Flails
  2339 | D:2      | Found a runed translucent door.
  2340 | D:2      | Noticed Crazy Yiuf
  2613 | D:2      | Killed Crazy Yiuf
  2613 | D:2      | Reached XP level 4. HP: 40/40 MP: 3/3
  2743 | D:3      | Found a snail-covered altar of Cheibriados.
  2766 | D:3      | Reached skill level 6 in Maces & Flails
  2989 | D:3      | Noticed Robin
  2995 | D:3      | Reached XP level 5. HP: 44/46 MP: 4/4
  3002 | D:3      | Killed Robin
  3094 | D:3      | Reached *** piety under Trog
  3605 | D:4      | Found a sacrificial altar of Ru.
  3610 | D:4      | Reached skill level 7 in Maces & Flails
  3860 | D:4      | Reached XP level 6. HP: 52/52 MP: 5/5
  4041 | D:4      | Reached skill level 8 in Maces & Flails
  4334 | D:5      | Entered Level 5 of the Dungeon
  4383 | D:5      | Reached **** piety under Trog
  4487 | D:5      | Reached skill level 9 in Maces & Flails
  4487 | D:5      | Reached XP level 7. HP: 43/59 MP: 6/6
  4603 | D:5      | Found Fixec's Antique Armour Boutique.
  4611 | D:5      | Bought a glowing scale mail for 168 gold pieces
  4675 | D:5      | Noticed Pikel
  4676 | D:5      | Noticed Blork the orc
  4680 | D:5      | Killed Blork the orc
  4683 | D:5      | Killed Pikel
  4683 | D:5      | Reached skill level 11 in Maces & Flails
  4683 | D:5      | Reached XP level 8. HP: 42/66 MP: 7/7
  4689 | D:5      | You fall into a shaft and drop 3 floors!
  4768 | D:8      | Noticed Grum
  4791 | D:8      | Found a bloodstained altar of Trog.
  4791 | D:8      | Found a sparkling altar of Nemelex Xobeh.
  4792 | D:8      | Found a blossoming altar of Fedhas.
  4796 | D:7      | Reached skill level 12 in Maces & Flails
  5137 | D:7      | Noticed a hippogriff
  5149 | D:7      | Killed a hippogriff
  5323 | D:6      | Reached skill level 5 in Fighting
  5816 | D:7      | Noticed a hippogriff
  5823 | D:7      | Killed a hippogriff
  5823 | D:7      | Reached XP level 9. HP: 66/74 MP: 8/8
  5889 | D:7      | Reached skill level 13 in Maces & Flails
  6362 | D:6      | Noticed Dowan
  6365 | D:6      | Noticed Duvessa
  6369 | D:6      | Killed Dowan
  6374 | D:6      | Reached ***** piety under Trog
  6375 | D:6      | Killed Duvessa
  6740 | D:6      | Got an ancient chain mail
  6752 | D:6      | Identified the +0 chain mail of Decompression {+Blink rPois
                  | rN+} (You found it on level 6 of the Dungeon)
  6755 | D:6      | Found a runed translucent door.
  6755 | D:6      | Noticed Hyawatha's ghost (amateur OpWn)
  6796 | D:6      | Killed Hyawatha's ghost
  6796 | D:6      | Reached skill level 5 in Armour
  6890 | D:6      | Found a staircase to the Ecumenical Temple.
  7458 | D:8      | Reached skill level 5 in Dodging
  7731 | D:8      | HP: 2/78 [Grum/+0 halberd of flaming (6)]
  7733 | D:8      | Killed Grum
  7733 | D:8      | Reached skill level 14 in Maces & Flails
  8119 | D:8      | Found a hide-covered altar of Uskayaw.
  8119 | D:8      | Found a shimmering altar of Xom.
  8240 | D:8      | Found a basalt altar of Yredelemnul.
  8268 | D:8      | Reached XP level 10. HP: 62/84 MP: 9/9
  8391 | D:8      | Noticed a two-headed ogre
  8398 | D:8      | Killed a two-headed ogre
  8696 | D:8      | Got a glimmering quarterstaff
  8697 | D:8      | Identified the +8 quarterstaff "Opharph" {vorpal, +Rage
                  | rPois rN+} (You found it on level 8 of the Dungeon)
  8822 | D:9      | Received a gift from Trog
  9221 | D:9      | Found Bohev's Antique Weapon Emporium.
  9335 | D:9      | Found Agaumi's Weapon Emporium.
  9496 | D:9      | Found an iron altar of Okawaru.
  9603 | D:9      | Found Qossounov's Antique Armour Shoppe.
  9635 | D:9      | Found Zosk's General Store.
  9749 | D:10     | Entered Level 10 of the Dungeon
 10149 | D:10     | Found a glowing silver altar of Zin.
 10151 | D:10     | Found Kagostopp's Armour Emporium.
 10164 | D:10     | Found Ciucloikh's Weapon Boutique.
 10231 | D:10     | Found Joezxa's Distillery.
 10238 | D:10     | Bought a potion of curing for 45 gold pieces
 10238 | D:10     | Bought a potion of might for 60 gold pieces
 10273 | D:10     | Reached skill level 15 in Maces & Flails
 10386 | D:10     | Found Laroy's Antique Armour Emporium.
 10386 | D:10     | Noticed Harold
 10389 | D:10     | Noticed Sonja
 10425 | D:10     | Noticed a glowing orange brain
 10428 | D:9      | HP: 2/89 [troll (5)]
 10428 | D:9      | Slain by a troll

Illustrated notes

Levels and vault maps discovered:
D:1:      dpeg_arrival_rooms_c, layout_basic, nemelex_diamond_rough_becter
D:2:      layout_basic, first_ration, uniq_crazy_yiuf_cottage
D:3:      layout_loops_ring, lemuel_round_altar, serial_bayou_lagoon_a,
          uniq_robin
D:4:      layout_loops_cross, nicolae_ru_sacrificial_ziggurat,
          chequers_serial_rivers_room_a
D:5:      layout_cave_pools, serial_shops, shop, uniq_blork_the_orc, uniq_pikel
D:6:      layout_rooms, temple_hall, hellmonk_ghost_happy_afterlife,
          minmay_quadrilaterals, uniq_duvessa
D:7:      layout_loops_corners
D:8:      layout_loops_ring, yredelemnul_altar_generic,
          grunt_temple_overflow_open, uniq_grum
D:9:      layout_rooms, lemuel_round_altar, serial_shops, shop_coins,
          nicolae_shop_statue_plus, shop, nicolae_shop_stone
D:10:     minmay_the_grid_octo_2x2 [minmay_the_grid_octo_checkered,
          minmay_the_grid_octo_tetromino_candy,
          minmay_the_grid_octo_checkerflower, minmay_the_grid_octo_prize_star],
          layout_rooms, serial_shops, shop, shop, shop,
          nicolae_shop_temple_entry_statues_fountains, nicolae_shop_waterfront,
          basic_altar, uniq_harold, uniq_sonja

Skill      XL: |  1  2  3  4  5  6  7  8  9 10 |
---------------+-------------------------------+-----
Fighting       | 4 5 6 8 |  8.3
Maces & Flails | 4 5 6 7 9 11 12 14 15 | 15.2
Armour         | 4 5 7 |  7.6
Dodging        | 3 5 6 |  6.9

Action                   |  1- 3 |  4- 6 |  7- 9 | 10-12 || total
-------------------------+-------+-------+-------+-------++-------
Melee: Mace              |    78 |       |       |       ||    78
       Headbutt          |    16 |    21 |    41 |    23 ||   101
       Quarterstaff      |       |   141 |   132 |    21 ||   294
       Flail             |       |       |    90 |     5 ||    95
       Morningstar       |       |       |     6 |       ||     6
       Great mace        |       |       |       |   114 ||   114
       Unarmed           |       |       |       |     1 ||     1
Invok: Berserk           |       |       |     2 |     2 ||     4
  Use: Scroll            |       |     3 |       |     3 ||     6
       Potion            |       |       |       |     1 ||     1
 Stab: Sleeping          |     1 |       |       |       ||     1
       Paralysed         |       |       |     2 |       ||     2
  Eat: Chunk             |     5 |     6 |    11 |     2 ||    24
       Ration            |       |       |     1 |     2 ||     3
Armor: Animal skin       |    11 |       |       |       ||    11
       Chain mail        |       |    48 |    38 |    58 ||   144
       Scale mail        |       |    14 |    71 |       ||    85
Dodge: Dodged            |    58 |    62 |   112 |   112 ||   344
